 Dungeon Crawl Stone Soup version 0.30.0-18-gc0e69614cb (webtiles) character file.

Game seed: 4000994043475065541

884 HakonGodeson the Chopper (level 8, -3/60 HPs)
             Began as a Human Fighter on May 24, 2023.
             Was a Follower of Uskayaw.
             Slain by an ogre
             ... wielding a +0 giant club
              (11 damage)
             ... on level 5 of the Dungeon.
             The game lasted 00:07:49 (2968 turns).

HakonGodeson the Chopper (Human Fighter)            Turns: 2968, Time: 00:07:49

Health: -3/60      AC:  7    Str: 16    XL:     8   Next: 26%
Magic:  8/8        EV:  9    Int: 12    God:    Uskayaw [*.....]
Gold:   105        SH:  5    Dex: 12    Spells: 7/7 levels left

rFire   . . .        a - +0 war axe
rCold   . . .        c - +0 buckler
rNeg    . . .        b - +0 scale mail
rPois   .            (no helmet)
rElec   .            (no cloak)
rCorr   .            (no gloves)
SInv    .            (no boots)
Will    .....        (no amulet)
Stlth   +            (no ring)
HPRegen 0.30/turn    (no ring)
MPRegen 0.11/turn

%: no passive effects
@: no status effects
A: no striking features
a: Renounce Religion, Stomp


You were on level 5 of the Dungeon.
You worshipped Uskayaw.
Uskayaw was noncommittal.
You visited 2 branches of the dungeon, and saw 6 of its levels.

You collected 105 gold pieces.

Inventory:

Hand Weapons
 a - a +0 war axe (weapon)
Armour
 b - a +0 scale mail (worn)
 c - a +0 buckler (worn)
Wands
 l - a wand of flame (8)
Scrolls
 d - a scroll of fog {unknown}
 e - 2 scrolls of teleportation
 f - a scroll of blinking
 o - a scroll of identify {unknown}
Potions
 g - a potion of lignification {unknown}
 h - 2 potions of degeneration {unknown}
 i - 3 potions of brilliance {unknown}
 j - a potion of resistance {unknown}
 k - 2 potions of cancellation {unknown}
 m - a potion of flight {unknown}
 n - a potion of heal wounds {unknown}


   Skills:
 * Level 4.2 Fighting
 * Level 5.1 Axes
 * Level 2.2 Throwing
 * Level 4.7 Armour
 * Level 2.3 Dodging
 * Level 2.6 Stealth
 * Level 4.0 Shields
 * Level 1.7 Evocations


You had 7 spell levels left.
You didn't know any spells.
Your spell library was empty.

Dungeon Overview and Level Annotations

Branches:
Dungeon (5/15)             Temple (1/1) D:5

Altars:
Ashenzari
Dithmenos
Elyvilon
Fedhas
Kikubaaqudgha
Makhleb
Nemelex Xobeh
Okawaru
Sif Muna
Trog
Uskayaw
Vehumet
Wu Jian
Zin
The Shining One

Annotations:
D:5 exclusion: statue


Message History

The adder is severely wounded.
The adder bites you but does no damage. x2
You hit the adder.
You kill the adder!
Found a radiant altar of Vehumet.
A frost-covered statue comes into view.
Marking area around a frost-covered statue as unsafe for travelling.
Press: ? - help, v - describe, . - travel The floor.
Press: ? - help, v - describe, . - travel A radiant altar of Vehumet.
Really walk into a travel-excluded area?
Okay, then.
Really walk into a travel-excluded area?
You see here a purple potion.
n - a purple potion
Press: ? - help, v - describe, . - travel
Here: a frost-covered statue The floor.
Found 5 stones.
o - a scroll labelled GOOSIZ TITEFA You see here a +0 ring mail.
You see here a +0 short sword.
Found a stone staircase leading down.
There is a stone staircase leading down here.
An ogre comes into view. It is wielding a +0 giant club.
The ogre shouts!
The ogre hits you with a +0 giant club!!
You hit the ogre.
The ogre is lightly wounded.
You block the ogre's attack.
You slash the ogre!
The ogre is moderately wounded.
The ogre hits you with a +0 giant club!!
Ouch! That really hurt!
* * * LOW HITPOINT WARNING * * *
You barely miss the ogre.
The ogre is moderately wounded.
The ogre hits you with a +0 giant club!
You die...

## ### #.##.# ## #....#
.######## #..#.#
........#####...#
..........>.....########
.........#.##.#.@O......
.........#.##.#########.
#........#.[.....#
#.......##..#.##.#
.........#..#.##.#
............#.##.#
.........#.##....#
......#'#....#####
......#.#..#.#


You could see an ogre.

Vanquished Creatures
  An ice beast (D:5)
  An ogre (D:5)
  A centaur (D:5)
  A phantom (D:3)
  2 scorpions (D:5)
  An oklob sapling (D:5)
  A jelly (D:5)
  2 hounds (D:4)
  2 orc priests (D:5)
  5 iguanas
  An orc wizard (D:5)
  5 adders
  3 orcs
  4 endoplasms
  4 goblins
  4 hobgoblins (D:4)
  2 kobolds (D:1)
  3 quokkas
  3 ball pythons
  A bat (D:1)
  2 rats (D:2)
49 creatures vanquished.

Notes
Turn   | Place    | Note
-------+----------+-------------------------------------------
     0 | D:1      | HakonGodeson the Human Fighter began the quest for the Orb.
     0 | D:1      | Reached XP level 1. HP: 18/18 MP: 1/1
   118 | D:1      | Reached XP level 2. HP: 21/24 MP: 2/2
   415 | D:2      | Reached XP level 3. HP: 21/29 MP: 3/3
   474 | D:3      | Noticed a phantom
   482 | D:3      | Killed a phantom
   483 | D:3      | Reached skill level 3 in Axes
   483 | D:3      | Reached skill level 1 in Dodging
   483 | D:3      | Reached skill level 1 in Stealth
   483 | D:3      | Reached XP level 4. HP: 33/35 MP: 4/4
   483 | D:3      | Reached XP level 5. HP: 38/41 MP: 5/5
   803 | D:4      | Reached skill level 1 in Throwing
   921 | D:4      | Reached XP level 6. HP: 6/47 MP: 6/6
  1505 | D:5      | Entered Level 5 of the Dungeon
  1597 | D:5      | Reached skill level 4 in Axes
  1665 | D:5      | Reached XP level 7. HP: 42/53 MP: 7/7
  1875 | D:5      | Reached skill level 1 in Evocations
  2047 | D:5      | Found a staircase to the Ecumenical Temple.
  2070 | Temple   | Entered the Ecumenical Temple
  2217 | Temple   | Became a worshipper of Uskayaw the Reveller
  2288 | D:5      | Reached * piety under Uskayaw
  2295 | D:5      | Reached ** piety under Uskayaw
  2296 | D:5      | Reached XP level 8. HP: 28/60 MP: 8/8
  2525 | D:5      | Reached skill level 5 in Axes
  2816 | D:5      | Found a radiant altar of Vehumet.
  2968 | D:5      | Slain by an ogre

Illustrated notes

Levels and vault maps discovered:
D:1:      amcnicky_arrival_wind_blow, layout_loops_corners, serial_forest,
          infiniplex_forest_clump_medium, infiniplex_forest_clump_tiny,
          infiniplex_forest_lined_3, infiniplex_forest_lined_room_2,
          infiniplex_forest_lined_corner, infiniplex_forest_clump_curved,
          infiniplex_forest_lined_3, infiniplex_forest_clump_medium,
          serial_park_tiny_pond, minmay_octomino_c4
D:2:      layout_loops_ring
D:3:      layout_rooms, mainiacjoe_overflow_large_starburst,
          serial_corexii_hall, corexii_hall_statues_t, chequers_hall_statues_y,
          corexii_hall_statues_l, corexii_hall_statues_x,
          kennysheep_cluttered_room, uniq_natasha
D:4:      layout_basic
D:5:      layout_basic, vehumet_statue, minmay_temple_entry_oklob
Temple:   jpeg_temple_clearing

Skill      XL: |  1  2  3  4  5  6  7  8 |
---------------+-------------------------+-----
Axes           | 3 4 5 |  5.1
Dodging        | 1 2 |  2.3
Stealth        | 1 2 |  2.6
Throwing       | 1 2 |  2.2
Armour         | 4 |  4.7
Evocations     | 1 |  1.7
Fighting       | 4 |  4.2
Shields        | 4 |  4.0

Action                     |  1- 3 |  4- 6 |  7- 9 || total
---------------------------+-------+-------+-------++-------
  Melee: War axe           |    51 |    75 |    97 ||   223
  Throw: Boomerang         |     4 |    26 |     2 ||    32
 Invoke: Line Pass         |       |       |     1 ||     1
  Evoke: Wand              |       |       |    14 ||    14
    Use: Scroll            |     1 |       |     1 ||     2
         Potion            |     1 |       |       ||     1
 Armour: Scale mail        |    27 |    24 |    32 ||    83
  Dodge: Dodged            |    31 |    52 |    42 ||   125
  Block: Buckler           |    12 |    26 |    17 ||    55
